 Dungeon Crawl Stone Soup version 0.19.0-22-gd96e5fe (webtiles) character file.

270 Monsterracer the Firebug (level 6, 0/35 HPs)
             Began as a Deep Elf Fire Elementalist on Nov 19, 2016.
             Slain by Edmund
             ... wielding a +5 flail of draining
              (12 damage)
             ... on level 4 of the Dungeon.
             The game lasted 00:09:24 (3581 turns).

Monsterracer the Firebug (DEFE)                     Turns: 3581, Time: 00:09:25

Health: 0/35       AC:  3    Str:  4 (5)  XL:     6   Next: 1%
Magic:  4/12       EV: 13    Int: 22      God:
Gold:   146        SH:  0    Dex: 14 (15) Spells: 3 memorised, 3 levels left

rFire  . . .     SeeInvis .     s - +2 dagger (venom)
rCold  . . .     Gourm    .     a - +0 robe
rNeg   . . .     Faith    .     (no shield)
rPois  .         Spirit   .     (no helmet)
rElec  .         Reflect  .     j - +0 cloak
rCorr  .         Harm     .     (no gloves)
MR     .....     Clarity  +     (no boots)
Stlth  ++........               (no amulet)
                                (no ring)
                                (no ring)

@: drained
A: clarity, deterioration 1, robust 1
a: no special abilities


You were on level 4 of the Dungeon.
You were not hungry.

You visited 1 branch of the dungeon, and saw 4 of its levels.

You collected 146 gold pieces.

Inventory:

Hand Weapons
 s - a +2 dagger of venom (weapon)
Armour
 a - a +0 robe (worn)
 j - a +0 cloak (worn)
Scrolls
 d - 5 scrolls of identify {unknown}
 e - 2 scrolls of enchant armour {unknown}
 f - a scroll of fog {unknown}
 g - 4 scrolls of remove curse {unknown}
 l - 2 scrolls of enchant weapon {unknown}
 m - 2 scrolls of blinking {unknown}
 o - a scroll of teleportation {unknown}
 p - a scroll of noise {unknown}
 q - a scroll of amnesia {unknown}
Books
 b - a book of Flames

   Spells                             Type                      Level
   a - Flame Tongue                   Conjuration/Fire             1
   b - Throw Flame                    Conjuration/Fire             2
   c - Conjure Flame                  Conjuration/Fire             3
   d - Inner Flame                    Hexes/Fire                   3
   e - Sticky Flame                   Conjuration/Fire             4
   f - Fireball                       Conjuration/Fire             5
Comestibles
 c - a bread ration
 h - a beef jerky
 k - a meat ration
 n - a royal jelly


   Skills:
 + Level 0.2(0.0) Fighting
 + Level 0.2(0.0) Short Blades
 + Level 2.9(2.3) Dodging
 - Level 2.4(1.8) Stealth
 + Level 3.0(2.4) Spellcasting
 * Level 4.6(4.0) Conjurations
 * Level 5.3(4.6) Fire Magic


You had 3 spell levels left.
You knew the following spells:

 Your Spells              Type           Power        Failure   Level  Hunger
a - Flame Tongue          Conj/Fire      ###..        2%          1    None
b - Conjure Flame         Conj/Fire      ###.....     10%         3    ###....
c - Sticky Flame          Conj/Fire      ###.....     28%         4    ####...


Dungeon Overview and Level Annotations

Branches:
Dungeon (4/15)
 Temple: D:4-7

Altars:
Elyvilon
Qazlal
Sif Muna

Annotations:
D:4 Edmund


Innate Abilities, Weirdness & Mutations

You possess an exceptional clarity of mind.
Your body sometimes deteriorates upon taking damage.
You are robust. (+10% HP)


Message History

Confirm with . or Enter, or press ? or * to list all spells.
Aiming: Flame Tongue
Press: ? - help, Shift-Dir - straight line, f/p - Edmund
Aim: Edmund, wielding a flail of draining and wearing a chain mail (heavily wounded, covered in liquid flames)
The flame tongue hits Edmund.
Edmund appears unharmed.
Edmund is heavily wounded.
Edmund burns!
Edmund hits you with a flail of draining!
Your body deteriorates!
You feel clumsy.
You feel drained.
Casting: Flame Tongue
Confirm with . or Enter, or press ? or * to list all spells.
Aiming: Flame Tongue
Press: ? - help, Shift-Dir - straight line, f/p - Edmund
Aim: Edmund, wielding a flail of draining and wearing a chain mail (severely wounded, covered in liquid flames)
The flame tongue hits Edmund.
Edmund appears unharmed.
Edmund is severely wounded.
Edmund burns!
The ball python closely misses you. x2
Edmund hits you with a flail of draining!
You die...

.# ...... #.
###......
.##........
#..........
#.........# .#
#........#
...#####...S...#
#........@@...#
#).....####..#
#...<.##
...........#
...............
###...#.###....
#.....# #...
#.....# ...
##...## .#


You could see Edmund (burning) and a ball python.

Vanquished Creatures
  3 orc wizards (D:3)
  An orc priest (D:3)
  A worker ant (D:3)
  Robin (D:1)
  2 adders
  2 worms (D:2)
  3 dart slugs
  4 leopard geckos
  7 orcs (D:3)
  4 giant cockroaches
  22 goblins
  6 hobgoblins
  3 jackals (D:2)
  A ball python (D:1)
  10 bats
  4 frilled lizards
  6 kobolds
  5 rats
85 creatures vanquished.

Notes
Turn   | Place    | Note
-------+----------+-------------------------------------------
     0 | D:1      | Monsterracer the Deep Elf Fire Elementalist began the quest for the Orb.
     0 | D:1      | Reached XP level 1. HP: 10/10 MP: 6/6
   274 | D:1      | Gained mutation: You are robust. (+10% HP) [potion of mutation]
   274 | D:1      | Gained mutation: Your body sometimes deteriorates upon taking damage. [potion of mutation]
   274 | D:1      | Gained mutation: You possess an exceptional clarity of mind. [potion of mutation]
   285 | D:1      | Reached XP level 2. HP: 15/16 MP: 6/8
   374 | D:1      | Reached skill level 4 in Fire Magic
   870 | D:1      | Reached XP level 3. HP: 20/20 MP: 5/9
  1117 | D:2      | Learned a level 3 spell: Conjure Flame
  1175 | D:2      | Noticed Robin
  1408 | D:1      | Killed Robin
  1408 | D:1      | Reached XP level 4. HP: 23/26 MP: 4/10
  1415 | D:1      | Learned a level 4 spell: Sticky Flame
  2822 | D:3      | Found a deep blue altar of Sif Muna.
  3034 | D:3      | Reached XP level 5. HP: 30/30 MP: 7/11
  3046 | D:3      | Reached skill level 5 in Fire Magic
  3175 | D:3      | Found a stormy altar of Qazlal.
  3393 | D:3      | Reached XP level 6. HP: 35/35 MP: 7/12
  3469 | D:3      | Found a white marble altar of Elyvilon.
  3574 | D:4      | Noticed Edmund
  3581 | D:4      | Slain by Edmund

Skill      XL: |  1  2  3  4  5 |
---------------+----------------+-----
Fire Magic     | 4 5 |  5.3
Conjurations   | 2 3 4 |  4.6
Fighting       | |  0.2
Short Blades   | |  0.2
Dodging        | |  2.9
Stealth        | |  2.4
Spellcasting   | |  3.0

Action                   |  1- 3 |  4- 6 || total
-------------------------+-------+-------++-------
Melee: Dagger            |       |     8 ||     8
 Cast: Flame Tongue      |    59 |   103 ||   162
       Sticky Flame      |       |     2 ||     2
       Conjure Flame     |       |     1 ||     1
  Use: Potion            |     4 |     5 ||     9
  Eat: Chunk             |     2 |     7 ||     9
Armor: Robe              |     7 |    11 ||    18
Dodge: Dodged            |    21 |    36 ||    57
